BSA
GREENVILLE 84S @ NEVADA NOISE
09/13/2030
 
TOP OF THE 1ST
Greenville 84s batting - Pitching for Nevada Noise : RHP Jesse Little
Pitching: RHP Jesse Little
Batting: LHB Stanley Smith 0-0: Ball
1-0: SINGLE (Line Drive, 9S)
Batting: RHB Patrick Potts 0-0: Ball
1-0: Called Strike
1-1: Ball
2-1: Grounds into double play, 4-6-3 (Groundball, 4M)
Batting: RHB Ramiro Chávez 0-0: Ball
1-0: Ball
2-0: Called Strike
2-1: Ball
3-1: Foul Ball, location: 2F
3-2: Foul Ball, location: 2F
3-2: Strikes out looking
Top of the 1st over - 0 runs, 1 hit, 0 errors, 0 left on base; Greenville 0 - Nevada 0
BOTTOM OF THE 1ST
Nevada Noise batting - Pitching for Greenville 84s : LHP Darrell Harding
Pitching: LHP Darrell Harding
Batting: RHB Fernando Gálvez 0-0: Ball
1-0: SOLO HOME RUN (Flyball, 7LD), Distance : 388 ft
Batting: RHB José Aguilera 0-0: Ball
1-0: Foul Ball, location: 2F
1-1: Foul Ball, location: 2F
1-2: Foul Ball, location: 2F
1-2: Foul Ball, location: 2F
1-2: Ball
2-2: Ball
3-2: Foul Ball, location: 2F
3-2: Strikes out swinging
Batting: LHB Greg Nelson 0-0: Called Strike
0-1: Ball
1-1: Fly out, F8 (Flyball, 8LXD)
Batting: RHB Luis Cruz 0-0: Fly out, F8 (Flyball, 78XD)
Bottom of the 1st over - 1 run, 1 hit, 0 errors, 0 left on base; Greenville 0 - Nevada 1
TOP OF THE 2ND
Greenville 84s batting - Pitching for Nevada Noise : RHP Jesse Little
Batting: LHB Brock Larsen 0-0: Ball
1-0: Fly out, F9 (Flyball, 9LD)
Batting: LHB Jimmy Vickers 0-0: Called Strike
0-1: Foul Ball, location: 2F
0-2: Strikes out swinging
Batting: LHB Robert Moore 0-0: Ball
1-0: Ball
2-0: Swinging Strike
2-1: Foul Ball, location: 2F
2-2: Strikes out swinging
Top of the 2nd over - 0 runs, 0 hits, 0 errors, 0 left on base; Greenville 0 - Nevada 1
BOTTOM OF THE 2ND
Nevada Noise batting - Pitching for Greenville 84s : LHP Darrell Harding
Batting: RHB Iván Gonzáles 0-0: Swinging Strike
0-1: Ball
1-1: Ball
2-1: Foul Ball, location: 2F
2-2: Strikes out swinging
Batting: RHB Arnold Harmon 0-0: Ball
1-0: Called Strike
1-1: Foul Ball, location: 2F
1-2: Foul Ball, location: 2F
1-2: Ball
2-2: Ground out 4-3 (Groundball, 4D)
Batting: RHB Jim Tracy 0-0: Ball
1-0: Called Strike
1-1: Ball
2-1: Swinging Strike
2-2: Foul Ball, location: 2F
2-2: Ball
3-2: Strikes out swinging
Bottom of the 2nd over - 0 runs, 0 hits, 0 errors, 0 left on base; Greenville 0 - Nevada 1
TOP OF THE 3RD
Greenville 84s batting - Pitching for Nevada Noise : RHP Jesse Little
Batting: RHB Pat Fernández 0-0: Ball
1-0: Swinging Strike
1-1: Ball
2-1: Foul Ball, location: 2F
2-2: Foul Ball, location: 2F
2-2: Strikes out swinging
Batting: RHB Robert Buckley 0-0: Called Strike
0-1: Foul Ball, location: 2F
0-2: SINGLE (Groundball, 56D)
Batting: RHB Jeff Packard 0-0: Ball
1-0: Fly out, F9 (Flyball, 89S)
Batting: LHB Stanley Smith 0-0: Ball
1-0: Fly out, F9 (Flyball, 89M)
Top of the 3rd over - 0 runs, 1 hit, 0 errors, 1 left on base; Greenville 0 - Nevada 1
BOTTOM OF THE 3RD
Nevada Noise batting - Pitching for Greenville 84s : LHP Darrell Harding
Batting: RHB Doug Brown 0-0: Foul Ball, location: 2F
0-1: Foul Ball, location: 2F
0-2: Foul Ball, location: 2F
0-2: Strikes out looking
Batting: SHB Nate Rhodes 0-0: Ball
1-0: Foul Ball, location: 2F
1-1: Ball
2-1: Ball
3-1: Called Strike
3-2: Fly out, F9 (Flyball, 9LM)
Batting: RHB Fernando Gálvez 0-0: Ball
1-0: Called Strike
1-1: Foul Ball, location: 2F
1-2: Ball
2-2: Foul Ball, location: 2F
2-2: Strikes out swinging
Bottom of the 3rd over - 0 runs, 0 hits, 0 errors, 0 left on base; Greenville 0 - Nevada 1
TOP OF THE 4TH
Greenville 84s batting - Pitching for Nevada Noise : RHP Jesse Little
Batting: RHB Patrick Potts 0-0: Ball
1-0: Ball
2-0: DOUBLE (Line Drive, 89D)
Batting: RHB Ramiro Chávez 0-0: Called Strike
0-1: Ground out 5-3 (Groundball, 56)
Batting: LHB Brock Larsen 0-0: Swinging Strike
0-1: Foul Ball, location: 2F
0-2: Ball
1-2: Ball
2-2: Fly out, F9 (Flyball, 89XD)
Runner from 2nd tags up, SAFE at 3rd, no throw
Batting: LHB Jimmy Vickers 0-0: Called Strike
0-1: Foul Ball, location: 2F
0-2: Strikes out swinging, 2-3 out at first.
Top of the 4th over - 0 runs, 1 hit, 0 errors, 1 left on base; Greenville 0 - Nevada 1
BOTTOM OF THE 4TH
Nevada Noise batting - Pitching for Greenville 84s : LHP Darrell Harding
Batting: RHB José Aguilera 0-0: Ball
1-0: Fly out, F7 (Flyball, 7)
Batting: LHB Greg Nelson 0-0: Called Strike
0-1: Fly out, F8 (Line Drive, 78M)
Batting: RHB Luis Cruz 0-0: Called Strike
0-1: Called Strike
0-2: Ball
1-2: Foul Ball, location: 2F
1-2: Ball
2-2: Foul Ball, location: 2F
2-2: Foul Ball, location: 2F
2-2: Strikes out swinging passed ball, reaches first!
Batting: RHB Iván Gonzáles 0-0: Ball
1-0: Called Strike
1-1: Ball
Luis Cruz is caught stealing 2nd base
Bottom of the 4th over - 0 runs, 0 hits, 0 errors, 0 left on base; Greenville 0 - Nevada 1
TOP OF THE 5TH
Greenville 84s batting - Pitching for Nevada Noise : RHP Jesse Little
Batting: LHB Robert Moore 0-0: Fly out, F8 (Flyball, 8RXD)
Batting: RHB Pat Fernández 0-0: Fly out, F4 (Popup, 4S)
Batting: RHB Robert Buckley 0-0: Ball
1-0: Swinging Strike
1-1: Foul Ball, location: 2F
1-2: Ball
2-2: Ball
3-2: Fly out, F9 (Flyball, 9S)
Top of the 5th over - 0 runs, 0 hits, 0 errors, 0 left on base; Greenville 0 - Nevada 1
BOTTOM OF THE 5TH
Nevada Noise batting - Pitching for Greenville 84s : LHP Darrell Harding
Batting: RHB Iván Gonzáles 0-0: DOUBLE (Line Drive, 9LD)
Batting: RHB Arnold Harmon 0-0: Reached on error, E2 (Groundball, 2R)
Iván Gonzáles to third
Batting: RHB Jim Tracy 0-0: Ball
1-0: Foul Ball, location: 2F
1-1: Fly out, F9 (Flyball, 9LSF)
Runner from 3rd tags up, SCORES, no throw
Batting: RHB Doug Brown 0-0: Ball
Arnold Harmon is caught stealing 2nd base
1-0: Foul Ball, location: 2F
1-1: DOUBLE (Flyball, 78D)
Batting: SHB Nate Rhodes 0-0: Called Strike
0-1: Ground out 6-3 (Groundball, 6)
Bottom of the 5th over - 1 run, 2 hits, 1 error, 1 left on base; Greenville 0 - Nevada 2
TOP OF THE 6TH
Greenville 84s batting - Pitching for Nevada Noise : RHP Jesse Little
Batting: RHB Jeff Packard 0-0: Foul Ball, location: 2F
0-1: Ball
1-1: Called Strike
1-2: Ball
2-2: SINGLE (Flyball, 9S)
Batting: LHB Stanley Smith 0-0: Ball
1-0: Ball
2-0: Foul Ball, location: 2F
2-1: DOUBLE (Flyball, 78D)
Jeff Packard to third
Batting: RHB Patrick Potts 0-0: Swinging Strike
0-1: Fly out, F8 (Line Drive, 89D)
Runner from 3rd tags up, SCORES, no throw
Batting: RHB Ramiro Chávez 0-0: Ball
1-0: Swinging Strike
1-1: Ball
2-1: Foul Ball, location: 2F
2-2: Foul Ball, location: 2F
2-2: Ball
3-2: Foul Ball, location: 2F
3-2: Fly out, F8 (Flyball, 8RD)
Runner from 2nd tags up, SAFE at 3rd with throw
Batting: LHB Brock Larsen 0-0: Ball
1-0: Foul Ball, location: 2F
1-1: Ball
2-1: Fly out, F7 (Line Drive, 78S)
Top of the 6th over - 1 run, 2 hits, 0 errors, 1 left on base; Greenville 1 - Nevada 2
BOTTOM OF THE 6TH
Nevada Noise batting - Pitching for Greenville 84s : LHP Darrell Harding
Batting: RHB Fernando Gálvez 0-0: SINGLE (Groundball, 4D)
Batting: RHB José Aguilera 0-0: Ball
1-0: Called Strike
1-1: Ball
2-1: Ball
3-1: Base on Balls
Fernando Gálvez to second
Batting: LHB Greg Nelson 0-0: Ball
1-0: Swinging Strike
1-1: Called Strike
1-2: Foul Ball, location: 2F
1-2: Ball
2-2: Ball
3-2: DOUBLE (Groundball, 3L)
Fernando Gálvez scores
José Aguilera to third
José Aguilera scores
Pitching: LHP Walt MacKey
Batting: RHB Luis Cruz 0-0: Ground out 1-3 (Groundball, 13)
Greg Nelson to third
Batting: RHB Iván Gonzáles 0-0: Intentional Walk
Batting: RHB Arnold Harmon 0-0: Ball
1-0: Ball
2-0: Swinging Strike
2-1: Foul Ball, location: 2F
2-2: Foul Ball, location: 2F
2-2: Foul Ball, location: 2F
2-2: Ball
3-2: Foul Ball, location: 2F
3-2: Foul Ball, location: 2F
3-2: Foul Ball, location: 2F
3-2: Foul Ball, location: 2F
3-2: Base on Balls
Iván Gonzáles to second
Batting: RHB Jim Tracy 0-0: Ball
1-0: Foul Ball, location: 2F
1-1: Called Strike
1-2: Ball
2-2: Ball
3-2: Base on Balls
Greg Nelson scores
Iván Gonzáles to third
Arnold Harmon to second
Batting: RHB Doug Brown 0-0: Called Strike
0-1: Ball
1-1: Ball
2-1: Swinging Strike
2-2: Strikes out looking
Batting: SHB Nate Rhodes 0-0: Ball
1-0: Foul Ball, location: 2F
1-1: Ball
2-1: Ball
3-1: Foul Ball, location: 2F
3-2: Base on Balls
Iván Gonzáles scores
Arnold Harmon to third
Jim Tracy to second
Batting: RHB Fernando Gálvez 0-0: Ball
1-0: SINGLE (Line Drive, 6D)
Arnold Harmon scores
Jim Tracy to third
Nate Rhodes to second
Runner from 3rd tries for Home, SAFE, no throw
Batting: RHB José Aguilera 0-0: Ball
1-0: Foul Ball, location: 2F
1-1: Called Strike
1-2: Ball
2-2: Ball
3-2: Foul Ball, location: 2F
3-2: Base on Balls
Nate Rhodes to third
Fernando Gálvez to second
Batting: LHB Greg Nelson 0-0: Ground out 4-3 (Groundball, 4M)
Bottom of the 6th over - 6 runs, 3 hits, 0 errors, 3 left on base; Greenville 1 - Nevada 8
TOP OF THE 7TH
Greenville 84s batting - Pitching for Nevada Noise : RHP Jesse Little
Batting: LHB Jimmy Vickers 0-0: Foul Ball, location: 2F
0-1: Swinging Strike
0-2: Strikes out swinging
Batting: LHB Robert Moore 0-0: Ball
1-0: Ball
2-0: Ball
3-0: Called Strike
3-1: Fly out, F8 (Flyball, 8RD)
Batting: RHB Pat Fernández 0-0: Called Strike
0-1: Ball
1-1: Called Strike
1-2: Ball
2-2: Ball
3-2: DOUBLE (Flyball, 7LD)
Batting: RHB Robert Buckley 0-0: Swinging Strike
0-1: Ball
1-1: Ball
2-1: Fly out, F7 (Flyball, 78S)
Top of the 7th over - 0 runs, 1 hit, 0 errors, 1 left on base; Greenville 1 - Nevada 8
BOTTOM OF THE 7TH
Nevada Noise batting - Pitching for Greenville 84s : LHP Walt MacKey
Batting: RHB Luis Cruz 0-0: Ball
1-0: Ball
2-0: Ball
3-0: Base on Balls
Batting: RHB Iván Gonzáles 0-0: SINGLE (Groundball, 56D)
Luis Cruz to second
Batting: RHB Arnold Harmon 0-0: Ball
1-0: Ball
2-0: Fielders Choice at 2nd, 3-6 (Groundball, 34)
Luis Cruz to third
Batting: RHB Jim Tracy 0-0: Ball
Throwing error on steal attempt, E2
Luis Cruz scores
Arnold Harmon to third
1-0: Ball
2-0: Foul Ball, location: 2F
2-1: Ground out 6-3 (Groundball, 6M)
Arnold Harmon scores
Batting: RHB Doug Brown 0-0: Ball
1-0: Ball
2-0: DOUBLE (Flyball, 78D)
Batting: SHB Nate Rhodes Balk!
Doug Brown to third
0-0: Called Strike
0-1: Ball
1-1: Ball
2-1: Foul Ball, location: 2F
2-2: Strikes out swinging
Bottom of the 7th over - 2 runs, 2 hits, 1 error, 1 left on base; Greenville 1 - Nevada 10
TOP OF THE 8TH
Greenville 84s batting - Pitching for Nevada Noise : RHP Jesse Little
Batting: RHB Jeff Packard 0-0: DOUBLE (Flyball, 7D)
Batting: LHB Stanley Smith 0-0: Called Strike
0-1: Ball
1-1: Ball
2-1: Ground out 4-3 (Groundball, 4)
Jeff Packard to third
Batting: RHB Patrick Potts 0-0: Called Strike
0-1: Fly out, F5 (Popup, 5F)
Batting: RHB Ramiro Chávez 0-0: Ground out 3-1 (Groundball, 34S)
Top of the 8th over - 0 runs, 1 hit, 0 errors, 1 left on base; Greenville 1 - Nevada 10
BOTTOM OF THE 8TH
Nevada Noise batting - Pitching for Greenville 84s : LHP Walt MacKey
Batting: RHB Fernando Gálvez 0-0: SINGLE (Line Drive, 34)
Pitching: LHP Ed Stevens
Batting: RHB José Aguilera 0-0: Ball
1-0: Ball
2-0: Called Strike
2-1: Called Strike
2-2: Fielders Choice at 2nd, 3-6 (Groundball, 34)
Batting: LHB Greg Nelson 0-0: SINGLE (Flyball, 89M)
José Aguilera to second
Batting: RHB Luis Cruz 0-0: Foul Ball, location: 2F
0-1: Ball
1-1: Swinging Strike
1-2: Fly out, F8 (Line Drive, 8RD)
Batting: RHB Iván Gonzáles 0-0: Called Strike
0-1: Ball
1-1: Ball
2-1: SINGLE (Line Drive, 4D)
José Aguilera to third
Greg Nelson to second
Batting: RHB Arnold Harmon 0-0: Ball
1-0: Called Strike
1-1: Fly out, F8 (Flyball, 8RS)
Bottom of the 8th over - 0 runs, 3 hits, 0 errors, 3 left on base; Greenville 1 - Nevada 10
TOP OF THE 9TH
Greenville 84s batting - Pitching for Nevada Noise : RHP Jesse Little
Batting: LHB Brock Larsen 0-0: Called Strike
0-1: Foul Ball, location: 2F
0-2: Ball
1-2: Foul Ball, location: 2F
1-2: Ball
2-2: Ground out 6-3 (Groundball, 6)
Batting: LHB Jimmy Vickers 0-0: Called Strike
0-1: Swinging Strike
0-2: Ball
1-2: Foul Ball, location: 2F
1-2: Foul Ball, location: 2F
1-2: Ball
2-2: Fly out, F9 (Line Drive, 9)
Batting: LHB Robert Moore 0-0: Ball
1-0: Foul Ball, location: 2F
1-1: Ball
2-1: Ball
3-1: SINGLE (Groundball, 4MD)
Pitching: RHP Dan Wilson
Batting: RHB Pat Fernández 0-0: Called Strike
0-1: Ball
1-1: Swinging Strike
1-2: Strikes out swinging
Top of the 9th over - 0 runs, 1 hit, 0 errors, 1 left on base; Greenville 1 - Nevada 10
Saturday, April 7th, 2018 - OOTP Baseball 18.8 Build 76